 Dungeon Crawl Stone Soup version 0.22-a0-445-g8c8ef71 (webtiles) character file.

3851 nikopol the Thaumaturge (level 9, 0/46 HPs)
             Began as a Deep Elf Fire Elementalist on June 2, 2018.
             Was a Believer of Vehumet.
             Slain by a hornet (13 damage)
             ... on level 8 of the Dungeon.
             The game lasted 00:24:59 (8604 turns).

nikopol the Thaumaturge (DEFE)                      Turns: 8604, Time: 00:25:00

Health: 0/46       AC:  5    Str:  5    XL:     9   Next: 99%
Magic:  18/26      EV: 14    Int: 24    God:    Vehumet [**....]
Gold:   243        SH:  5    Dex: 19    Spells: 15/30 levels left

rFire    + . .     SeeInvis +   A - +2 falchion of the Real Monster {slice, rC+ Dex+4} (curse)
rCold    . . .     Gourm    .   J - +0 buckler
rNeg     . . .     Faith    .   w - +2 robe {Archmagi}
rPois    .         Spirit   .   (no helmet)
rElec    .         Reflect  .   (no cloak)
rCorr    .         Harm     .   x - +0 pair of gloves
MR       .....                  (no boots)
Stlth    +++.......             (no amulet)
HPRegen  0.15/turn              k - ring of see invisible
MPRegen  0.20/turn              r - ring of fire

@: slowed, very slow
A: no striking features
a: Renounce Religion


You were on level 8 of the Dungeon.
You worshipped Vehumet.
Vehumet was pleased with you.
You were not hungry.

You visited 2 branches of the dungeon, and saw 9 of its levels.

You collected 336 gold pieces.
You spent 93 gold pieces at shops.

Inventory:

Hand Weapons
 v - a +2 dagger of venom
 A - the cursed +2 falchion of the Real Monster (weapon) {slice, rC+ Dex+4}
   (You found it on level 4 of the Dungeon)

   It inflicts extra damage upon your enemies.
   It affects your dexterity (+4).
   It protects you from cold.
   It has a curse placed upon it.
Armour
 w - a +2 robe of the Archmagi (worn)
 x - a +0 pair of gloves (worn)
 J - a +0 buckler (worn)
Magical Staves
 H - an uncursed staff of poison {unknown}
 I - an uncursed staff of power {unknown}
Jewellery
 k - a ring of see invisible (left hand)
 r - a ring of fire (right hand)
 E - an uncursed ring of ice {unknown}
Wands
 j - a wand of enslavement (16)
 s - a wand of digging (50)
 t - a wand of acid (3)
 C - a wand of flame (54)
Scrolls
 b - a scroll of blinking {unknown}
 e - 4 scrolls of identify
 f - 2 scrolls of magic mapping {unknown}
 g - a scroll of enchant armour {unknown}
 i - 3 scrolls of remove curse {unknown}
 l - 6 scrolls of teleportation
 m - 2 scrolls of fear {unknown}
 p - 2 scrolls of fog {unknown}
 y - 2 scrolls of amnesia {unknown}
 z - 2 scrolls of enchant weapon {unknown}
 B - a scroll of summoning {unknown}
 F - a scroll of noise {unknown}
Potions
 a - 3 potions of might
 d - 3 potions of heal wounds
 h - a potion of berserk rage {unknown}
 n - a potion of ambrosia {unknown}
 o - a potion of cancellation {unknown}
 q - a potion of resistance {unknown}
 u - a potion of curing
 D - 2 potions of lignification {unknown}
 G - a potion of magic {unknown}
Comestibles
 c - 8 rations
 K - a chunk of flesh


   Skills:
 + Level 0.8 Fighting
 - Level 0.8 Long Blades
 + Level 3.7 Dodging
 + Level 4.1 Stealth
 * Level 2.2 Shields
 + Level 11.3 Spellcasting
 + Level 7.6 Conjurations
 + Level 9.0 Fire Magic


You had 15 spell levels left.
You knew the following spells:

 Your Spells              Type           Power        Failure   Level  Hunger
a - Flame Tongue          Conj/Fire      #####        1%          1    None
b - Throw Flame           Conj/Fire      ######       1%          2    None
c - Conjure Flame         Conj/Fire      #######.     1%          3    None
d - Sticky Flame          Conj/Fire      #######.     1%          4    None
e - Fireball              Conj/Fire      #######...   4%          5    ####...

Your spell library contained the following spells:

 Spells                   Type           Power        Failure   Level  Hunger
 Inner Flame              Hex/Fire       ######..     2%          3    None


Dungeon Overview and Level Annotations

Branches:
Dungeon (8/15)             Temple (1/1) D:4
   Lair: D:8-11

Altars:
Dithmenos
Gozag
Kikubaaqudgha
Nemelex Xobeh
Okawaru
Ru
Sif Muna
Trog
Vehumet
Wu Jian
Xom
Zin
The Shining One

Shops:
D:4 ?   D:5 *


Message History

Casting: Sticky Flame (safe; 1% risk of failure)
Confirm with . or Enter, or press ? or * to list all spells.
Aiming: Sticky Flame (safe; 1% risk of failure)
Press: ? - help, Shift-Dir - straight line, f - hornet
Aim: a hornet You feel a strong surge of power!
The sticky flame hits the hornet.
The hornet is lightly wounded.
The hornet is covered in liquid flames!
The hornet burns!
The hornet stings you!
You feel yourself slow down. The hornet stings you!
You are poisoned.
You feel as though you will be slow longer.
You feel sick.
The hornet burns! x2
The hornet stings you but does no damage.
You feel sick.
The hornet burns!
The hornet stops burning.
The hornet stings you.
* * * LOW HITPOINT WARNING * * *
You are more poisoned.
You feel as though you will be slow longer.
You feel better.
You block the hornet's attack. x2; The hornet stings you!
You die...

#. ### .. .. #.. ..#.#
( #.##... . #...... #
####.....# # #
#........##.# ######
#....###..†# #.....
#.......y##.# #...##
.....#@.# .# #.#.##
####.#.###########.#.##
##..#.#...#.......#.##
#...)...#.#########.#
#....)...÷.....##...#
#...)###(#####.##.####
#........# #.##.###.
#.....########'#......
#.....#####...........


You could see a hornet.

Vanquished Creatures
  The ghost of VincentAMV the Cudgeler, a novice DrEE of Vehumet (D:8)
  Eustachio (D:4)
  A soldier ant (D:8)
  A porcupine (D:8)
  An orc warrior (D:7)
  2 ice beasts
  A sky beast (D:6)
  2 phantoms (D:5)
  A black bear (D:7)
  4 ogres
  2 centaurs
  6 scorpions
  4 wights (D:7)
  An electric eel (D:7)
  A crimson imp (D:5)
  3 hounds
  A quasit (D:6)
  5 orc priests
  2 centaur skeletons
  A jelly (D:5)
  2 bullfrog skeletons
  A gnoll shaman (D:6)
  6 orc wizards
  Jessica (D:3)
  2 iguanas
  9 worker ants
  A hound skeleton (D:8)
  10 gnolls
  15 adders
  2 shadow imps
  An adder zombie (D:8)
  2 worms
  4 leopard geckos
  15 orcs
  2 ball pythons (D:3)
  10 bats
  7 giant cockroaches
  7 goblins
  5 hobgoblins
  14 jackals
  8 kobolds
  A quokka (D:3)
  2 frilled lizards
  A leopard gecko skeleton (D:4)
  20 rats
  A fungus (D:8)
190 creatures vanquished.

Notes
Turn   | Place    | Note
-------+----------+-------------------------------------------
     0 | D:1      | nikopol the Deep Elf Fire Elementalist began the quest for the Orb.
     0 | D:1      | Reached XP level 1. HP: 10/10 MP: 6/6
   229 | D:1      | Reached XP level 2. HP: 15/15 MP: 6/8
   818 | D:1      | Reached XP level 3. HP: 19/19 MP: 5/10
   822 | D:1      | Learned a level 2 spell: Throw Flame
   826 | D:1      | Learned a level 3 spell: Conjure Flame
  1420 | D:2      | Reached skill level 4 in Spellcasting
  1504 | D:2      | Reached XP level 4. HP: 24/24 MP: 10/12
  1510 | D:2      | Learned a level 4 spell: Sticky Flame
  2265 | D:3      | Reached XP level 5. HP: 28/28 MP: 10/14
  2287 | D:3      | Noticed Jessica
  2330 | D:3      | Killed Jessica
  2330 | D:3      | Reached skill level 5 in Spellcasting
  2927 | D:4      | Reached skill level 5 in Fire Magic
  2927 | D:4      | Reached XP level 6. HP: 32/32 MP: 14/16
  2958 | D:4      | Reached skill level 6 in Spellcasting
  3409 | D:4      | Reached XP level 7. HP: 36/36 MP: 4/18
  3497 | D:4      | Learned a level 5 spell: Fireball
  3568 | D:4      | Got a brightly glowing falchion
  3569 | D:4      | Identified the cursed +2 falchion of the Real Monster {slice, rC+ Dex+4} (You found it on level 4 of the Dungeon)
  3576 | D:4      | Found a staircase to the Ecumenical Temple.
  3582 | Temple   | Entered the Ecumenical Temple
  3655 | Temple   | Became a worshipper of Vehumet
  3707 | D:4      | Found a sacrificial altar of Ru.
  3876 | D:4      | Found a glowing golden altar of the Shining One.
  3895 | D:4      | Noticed Eustachio
  3908 | D:4      | Killed Eustachio
  3908 | D:4      | Reached skill level 7 in Spellcasting
  4294 | D:4      | Found Qooffeuv's Magic Scroll Boutique.
  4302 | D:4      | Bought a scroll of teleportation for 36 gold pieces
  4674 | D:5      | Entered Level 5 of the Dungeon
  4680 | D:5      | Reached skill level 5 in Conjurations
  4788 | D:5      | Reached XP level 8. HP: 41/41 MP: 10/21
  4980 | D:5      | Found Suenni's Assorted Antiques.
  4987 | D:5      | Bought a scroll of teleportation for 57 gold pieces
  5227 | D:5      | Reached skill level 8 in Spellcasting
  5524 | D:5      | Reached * piety under Vehumet
  5524 | D:5      | Offered knowledge of Shock by Vehumet.
  5974 | D:6      | Reached skill level 9 in Spellcasting
  6073 | D:6      | Found an ancient bone altar of Kikubaaqudgha.
  6543 | D:6      | Reached XP level 9. HP: 40/46 MP: 14/24
  6919 | D:7      | Offered knowledge of Magic Dart by Vehumet.
  6967 | D:7      | Reached ** piety under Vehumet
  7089 | D:7      | Reached skill level 10 in Spellcasting
  7558 | D:7      | Found an ornate altar of the Wu Jian Council.
  7813 | D:8      | Reached skill level 1 in Shields
  7827 | D:8      | Noticed VincentAMV's ghost (novice DrEE)
  8251 | D:8      | Killed VincentAMV's ghost
  8251 | D:8      | Reached skill level 11 in Spellcasting
  8604 | D:8      | Slain by a hornet

Vault maps used:
D:1:      erik_arrival_orb_chamber
D:3:      first_ration, kennysheep_big_empty_room, roderic_lattice_a,
          uniq_jessica
D:4:      grunt_temple_overflow_open, minmay_temple_entry_hall, serial_shops,
          shop, uniq_eustachio
D:5:      serial_shops, shop_statue
D:6:      kiku_gazebo_garden_becter, dk_noncrumbling_4
D:7:      lemuel_doored_altar, nicolae_lava_and_water
D:8:      grunt_lair_entry_orc_guard_hut, hangedman_pestilent_swarm, uniq_psyche
Temple:   hc_temple_tempest_star

Skill      XL: |  1  2  3  4  5  6  7  8  9 |
---------------+----------------------------+-----
Fire Magic     | 4 5 6 7 9 |  9.0
Spellcasting   | 4 5 6 7 9 11 | 11.3
Conjurations   | 2 3 4 5 6 7 |  7.6
Stealth        | 3 4 |  4.1
Dodging        | 3 |  3.7
Shields        | 2 |  2.2
Fighting       | |  0.8
Long Blades    | |  0.8

Action                   |  1- 3 |  4- 6 |  7- 9 || total
-------------------------+-------+-------+-------++-------
Melee: Falchion          |       |       |     4 ||     4
 Cast: Flame Tongue      |    70 |   103 |   218 ||   391
       Throw Flame       |       |     6 |    10 ||    16
       Sticky Flame      |       |     4 |    26 ||    30
       Conjure Flame     |       |     1 |     7 ||     8
       Fireball          |       |       |    14 ||    14
  Use: Scroll            |       |       |     4 ||     4
       Potion            |       |       |     1 ||     1
  Eat: Chunk             |     2 |     6 |    16 ||    24
       Ration            |       |       |     1 ||     1
Armor: Robe              |     7 |     2 |     9 ||    18
Dodge: Dodged            |    22 |     7 |    40 ||    69
Block: Buckler           |       |       |     4 ||     4
       Rpst.: Falchion   |       |       |    10 ||    10

Table legend:
 A = Spawn XP
 B = Non-spawn XP
 C = Spawn XP percentage of total XP
 D = Spawn monster count
 E = Non-spawn monster count
 F = Spawn count percentage of total count
 G = Total turns spent on level
                    A         B        C        D         E        F      G
               +---------+---------+-------+---------+---------+-------+---------
         Total |       0 |    5502 |   0.0 |       0 |     189 |   0.0 |  8604
               +---------+---------+-------+---------+---------+-------+---------
           D:1 |       0 |      58 |   0.0 |       0 |      32 |   0.0 |  1309
           D:2 |       0 |      81 |   0.0 |       0 |      21 |   0.0 |   694
           D:3 |       0 |     196 |   0.0 |       0 |      30 |   0.0 |   961
           D:4 |       0 |     881 |   0.0 |       0 |      24 |   0.0 |  1618
           D:5 |       0 |     738 |   0.0 |       0 |      20 |   0.0 |  1049
           D:6 |       0 |     923 |   0.0 |       0 |      26 |   0.0 |  1186
           D:7 |       0 |    1063 |   0.0 |       0 |      20 |   0.0 |  1110
           D:8 |       0 |    1562 |   0.0 |       0 |      16 |   0.0 |   585
               +---------+---------+-------+---------+---------+-------+---------
